 Dungeon Crawl Stone Soup version 0.29.1-debian-1-gc3f1650bb9 (webtiles) character file.

Game seed: 13843822549089039978

45 LnG the Trooper (level 3, -8/33 HPs)
             Began as a Hill Orc Fighter on Sept 12, 2022.
             Mangled by Sigmund
             ... wielding a +0 scythe
              (10 damage)
             ... on level 2 of the Dungeon.
             The game lasted 00:01:21 (1110 turns).

LnG the Trooper (Hill Orc Fighter)                  Turns: 1110, Time: 00:01:22

Health: -8/33      AC:  7    Str: 20    XL:     3   Next: 64%
Magic:  3/3        EV:  9    Int:  8    God:
Gold:   29         SH:  4    Dex: 10    Spells: 2/2 levels left

rFire   . . .      SeeInvis .   a - +0 war axe
rCold   . . .      Faith    .   c - +0 buckler
rNeg    . . .      Spirit   .   b - +0 scale mail
rPois   .          Reflect  .   (no helmet)
rElec   .          Harm     .   (no cloak)
rCorr   .          Rampage  .   (no gloves)
Will    .....                   (no boots)
Stlth   ..........              (no amulet)
HPRegen 0.11/turn               (no ring)
MPRegen 0.08/turn               (no ring)

@: mighty
A: no striking features
a: no special abilities


You were on level 2 of the Dungeon.
You visited 1 branch of the dungeon, and saw 2 of its levels.

You collected 29 gold pieces.

Inventory:

Hand Weapons
 a - a +0 war axe (weapon)
Missiles
 g - 4 boomerangs (quivered)
Armour
 b - a +0 scale mail (worn)
 c - a +0 buckler (worn)
Scrolls
 e - 3 scrolls of identify
 f - 2 scrolls of teleportation
 i - a scroll of brand weapon {unknown}
 l - a scroll of torment {unknown}
Potions
 d - a potion of might
 h - a potion of heal wounds {unknown}
 j - a potion of mutation {unknown}
 k - a potion of curing {unknown}
 m - a potion of brilliance {unknown}


   Skills:
 + Level 4.0 Fighting
 + Level 3.7 Axes
 + Level 3.7 Armour
 + Level 0.1 Dodging
 + Level 3.7 Shields


You had 2 spell levels left.
You didn't know any spells.
Your spell library contained the following spells:

 Spells                   Type           Power      Damage    Failure   Level
 Summon Small Mammal      Summ           0%         N/A       85%         1
 Call Canine Familiar     Summ           0%         N/A       99%         3
 Summon Guardian Golem    Hex/Summ       0%         N/A       99%         3


Dungeon Overview and Level Annotations

Branches:
Dungeon (2/15)

Altars:

Annotations:
D:2 Sigmund


Message History

Done exploring.
You open the door.
There is an open door here.
There is an open door here.
There is a stone staircase leading down here.
You climb downwards.
Sigmund shouts!
You hear an angry hiss.
Found six items.
Found an escape hatch in the floor.
Found a stone staircase leading down.
There is a stone staircase leading up here.
You feel very mighty all of a sudden.
Sigmund gestures wildly while chanting.
Sigmund flickers and vanishes!
Deactivating autopickup; reactivate with Ctrl-A.
A rat comes into view.
A hobgoblin comes into view.
Something hits you!
You miss something. Something hits you but does no damage.
An adder comes into view.
You barely miss something. Something hits you!
The adder bites you but does no damage.
You closely miss something. You hit the quokka. You closely miss the adder.
The quokka bites you but does no damage.
The adder bites you but does no damage. Something hits you.
The quokka bites you but does no damage.
The adder bites you but does no damage.
You completely miss something. You hit the adder. You barely miss the rat.
You hit the quokka.
You kill the quokka!
The adder closely misses you. The rat misses you. Something hits you!
* * * LOW HITPOINT WARNING * * *
The adder closely misses you.
You slash something! You completely miss the adder. You slash the rat!
You kill the rat!
You slash the hobgoblin!
You kill the hobgoblin!
The adder barely misses you. Something hits you but does no damage.
You closely miss something. You barely miss the adder.
The adder bites you but does no damage. The adder barely misses you.
Something hits you!
You die...

....>...>..##
............##.
...............
.............##
..............#
...............
.......<.......
........†......
.......@.......
.......{S..####
......###..#[$)
...... ..#=$?
...... ..#$)?
...... ..####
..... .....
.... ....


You could see an adder.

Vanquished Creatures
  A gnoll (D:1)
  2 dart slugs (D:1)
  3 bats (D:1)
  2 endoplasms (D:1)
  2 goblins (D:1)
  3 hobgoblins
  3 jackals (D:1)
  2 quokkas
  2 ball pythons (D:1)
  2 frilled lizards (D:1)
  5 kobolds (D:1)
  4 rats
31 creatures vanquished.

Notes
Turn   | Place    | Note
-------+----------+-------------------------------------------
     0 | D:1      | LnG the Hill Orc Fighter began the quest for the Orb.
     0 | D:1      | Reached XP level 1. HP: 19/19 MP: 1/1
   166 | D:1      | Reached XP level 2. HP: 24/27 MP: 2/2
   429 | D:1      | Reached XP level 3. HP: 31/33 MP: 3/3
   606 | D:1      | Found a faded altar of an unknown god.
   769 | D:1      | Reached skill level 4 in Fighting
  1101 | D:2      | Noticed Sigmund
  1110 | D:2      | Mangled by Sigmund

Illustrated notes

Levels and vault maps discovered:
D:1:      roderic_octagonal_star, layout_basic,
          chequers_ecumenical_altar_simple_redux, minmay_indecisive_spiral
D:2:      layout_rooms, serial_shops, shop, serial_glass, glass_columns_a,
          glass_columns_b, due_unseen_surprise, feat_on_display,
          hangedman_decor_push, uniq_sigmund

Skill      XL: |  1  2  3 |
---------------+----------+-----
Axes           | 3 |  3.7
Fighting       | 4 |  4.0
Armour         | |  3.7
Dodging        | |  0.1
Shields        | |  3.7

Action                   || total
-------------------------++-------
Melee: War axe           ||    69
  Use: Scroll            ||     1
       Potion            ||     1
Armor: Scale mail        ||    40
Dodge: Dodged            ||    33
Block: Buckler           ||    12
